 Dungeon Crawl Stone Soup version 0.31.0-32-g396128a36d (webtiles) character file.

Game seed: 5630110090197905186

35799 MatchstickMonk the Unseen (level 13, -2/72 HPs)
             Began as a Vine Stalker Brigand on Mar 28, 2024.
             Was an Initiate of Gozag.
             Slain by an orc warrior
             ... wielding a +0 short sword
             ... led by an orc knight
              (13 damage)
             ... on level 1 of the Orcish Mines.
             The game lasted 00:35:52 (15712 turns).

MatchstickMonk the Unseen (Vine Stalker Brigand)   Turns: 15712, Time: 00:35:53

Health: -2/72      AC: 19    Str: 16    XL:     13   Next: 86%
Magic:  0/14       EV: 19    Int: 11    God:    Gozag
Gold:   1050       SH:  0    Dex: 25    Spells: 12/12 levels left

rFire   . . .        a - +3 dagger
rCold   + . .        (no shield)
rNeg    . . .        W - +5 robe of Night {Dark Will+ SInv}
rPois   .            V - +2 helmet
rElec   .            S - +2 cloak {Stlth+}
rCorr   .            U - +2 pair of gloves
SInv    +            q - +2 pair of boots
Will    ++...        i - amulet of magic regeneration
Stlth   ++++++++     D - +6 ring of dexterity
HPRegen 1.12/turn    f - ring of protection from cold
MPRegen 0.54/turn

%: guardian spirit
@: no status effects
A: fangs 3, regeneration 1, magic shield, antimagic bite, no potion heal 2
a: Renounce Religion, Potion Petition, Call Merchant, Bribe Branch


You were on level 1 of the Orcish Mines.
You worshipped Gozag.
Gozag was most pleased with you.
You visited 4 branches of the dungeon, and saw 17 of its levels.
You also visited: Sewer and Ossuary.

You collected 2681 gold pieces.
You spent 1533 gold pieces at shops.
You paid 98 gold pieces to Gozag.


Innate Abilities, Weirdness & Mutations

You have razor-sharp teeth.
Your natural rate of healing is unusually fast.
When hurt, damage is shared between your health and your magic reserves.
Your bite disrupts and absorbs the magic of your enemies.
Potions cannot restore your health.


   Skills:
 - Level 10.0 Fighting
 - Level 10.0 Short Blades
 - Level 2.0 Throwing
 + Level 8.3 Dodging
 - Level 16.2 Stealth
 + Level 6.1 Evocations


You had 12 spell levels left.
You didn't know any spells.
Your spell library contained the following spells:

 Spells                   Type           Power      Damage    Failure   Level
 Slow                     Hex            0%         N/A       34%         1
 Blink                    Tloc           0%         N/A       47%         2
 Cigotuvi's Dreadful Rot  Necr/Alch/Air  0%         N/A       47%         2
 Lesser Beckoning         Tloc           0%         N/A       47%         2
 Momentum Strike          Conj/Tloc      0%         3d8       47%         2
 Confusing Touch          Hex            0%         N/A       71%         3
 Sigil of Binding         Hex            0%         N/A       71%         3
 Stone Arrow              Conj/Erth      0%         3d7       71%         3
 Tukima's Dance           Hex            0%         N/A       71%         3
 Vampiric Draining        Necr           0%         2d6       71%         3
 Animate Armour           Summ/Erth      0%         N/A       98%         4
 Dimensional Bullseye     Hex/Tloc       0%         N/A       98%         4
 Ignite Poison            Fire/Alch      0%         N/A       98%         4
 Iskenderun's Mystic Bla  Conj/Tloc      0%         2d3       98%         4
 Summon Lightning Spire   Summ/Air       0%         N/A       98%         4
 Vhi's Electric Charge    Tloc/Air       0%         N/A       98%         4
 Arcjolt                  Conj/Air       0%         1d10      100%        5
 Freezing Cloud           Conj/Ice/Air   0%         6-21      100%        5
 Lee's Rapid Deconstruct  Erth           0%         3d4*      100%        5
 Lehudib's Crystal Spear  Conj/Erth      0%         10d2      100%        8
 Maxwell's Capacitive Co  Air            0%         ∞         100%        8

Inventory:

Hand Weapons
 a - a +3 dagger (weapon)
Missiles
 b - 4 javelins
 d - 32 poisoned darts (quivered)
 e - 3 curare-tipped darts {=f}
Armour
 q - a +2 pair of boots (worn)
 S - a +2 cloak of stealth (worn)
 U - a +2 pair of gloves (worn)
 V - a +2 helmet (worn)
 W - the +5 robe of Night (worn) {Dark Will+ SInv}
   (You bought it in a shop on level 10 of the Dungeon)

   Dark:      It shrouds the wearer in darkness, reducing the range at which
   they can see and be seen by others.
   Will+:     It increases your willpower.
   SInv:      It lets you see invisible.
Jewellery
 f - a ring of protection from cold (right hand)
 i - an amulet of magic regeneration (around neck)
 v - a ring of see invisible
 C - a ring of ice
 D - a +6 ring of dexterity (left hand)
Wands
 c - a wand of mindburst (12)
 m - a wand of flame (62)
 n - a wand of polymorph (34)
 L - a wand of quicksilver (4)
 M - a wand of digging (7)
 Q - a wand of charming (21)
Scrolls
 j - 3 scrolls of enchant armour
 k - 2 scrolls of amnesia
 l - 6 scrolls of immolation
 p - 3 scrolls of revelation
 r - 6 scrolls of enchant weapon
 B - 2 scrolls of blinking
 E - 5 scrolls of poison
 J - a scroll of butterflies
 O - 7 scrolls of teleportation {@r2}
 P - 4 scrolls of fear
Potions
 h - 3 potions of ambrosia
 o - 8 potions of haste {@q3}
 s - 3 potions of resistance
 t - a potion of magic
 x - a potion of might
 z - 6 potions of mutation
 A - 3 potions of enlightenment
 F - a potion of berserk rage {unknown}
 G - 8 potions of curing {@q1}
 H - 3 potions of attraction
 I - 2 potions of cancellation
 K - a potion of invisibility {unknown}
 N - a potion of brilliance
 R - a potion of lignification {unknown}

Dungeon Overview and Level Annotations

Branches:
Dungeon (12/15)            Temple (1/1) D:6            Lair (3/5) D:11
  Swamp (0/4) Lair:2       Spider (0/4) Lair:2          Orc (1/2) D:11
  Sewer (visited)         Ossuary (visited)

Altars:
Ashenzari
Cheibriados
Dithmenos
Elyvilon
Fedhas
Gozag
Hepliaklqana
Kikubaaqudgha
Makhleb
Nemelex Xobeh
Okawaru
Qazlal
Ru
Sif Muna
Trog
Uskayaw
Vehumet
Wu Jian
Xom
Yredelemnul
Zin
The Shining One

Shops:
D:6 =   D:10 ?**[:

Annotations:
D:7 1 runed translucent door, PriceMaster's ghost, novice SpCj

... #......####....
....##.......##.....
.....#.........##....
.....#....#..........
........##..#......#
#......#####....###
###.oh$...# #....#
##..ooo....# #...##
....o@##....# ##...
....####....> ..>##
...# .oo.. .. ....# .


ooo.. You could see an orc knight, a warg, an orc warrior (strong) and 3 orcs.


Message History

You bite the orc knight, but do no damage.
The orc knight is almost dead.
The orc knight hits you but does no damage.
The orc completely misses you. The orc misses you.
The orc warrior hits you with a +0 short sword.
* * * LOW HITPOINT WARNING * * *
You hit the orc knight.
You bite the orc knight, but do no damage.
The orc knight is almost dead.
You hit the orc knight but do no damage.
Your bite misses the orc knight.
The orc knight is almost dead.
The orc knight hits you with a +0 war axe!
* * * LOW HITPOINT WARNING * * *
The orc barely misses you. The orc completely misses you.
The orc warrior hits you with a +0 short sword!
* * * LOW HITPOINT WARNING * * *
You hit the orc knight but do no damage.
You bite the orc knight, but do no damage.
The orc knight is almost dead.
Unknown command.
You hit the orc knight but do no damage.
Your bite misses the orc knight.
The orc knight is almost dead.
The orc knight hits you with a +0 war axe!
* * * LOW HITPOINT WARNING * * *
The orc misses you. The orc closely misses you.
The orc warrior hits you with a +0 short sword!
You die...
Your body crumbles into a pile of gold.

Skill      XL: |  1  2  3  4  5  6  7  8  9 10 11 12 13 |
---------------+----------------------------------------+-----
Fighting       | 2 3 4 5 7 10 | 10.0
Throwing       | 2 |  2.0
Short Blades   | 2 4 5 6 9 10 | 10.0
Stealth        | 9 11 12 16 | 16.2
Dodging        | 2 4 6 7 8 |  8.3
Evocations     | 3 5 6 |  6.1

Action                     |  1- 3 |  4- 6 |  7- 9 | 10-12 | 13-15 || total
---------------------------+-------+-------+-------+-------+-------++-------
  Melee: Dagger            |   133 |   215 |   538 |   772 |   239 ||  1897
         Bite              |    25 |    53 |   207 |   353 |   102 ||   740
         Punch             |     1 |     4 |     9 |    19 |     4 ||    37
         Short sword       |       |       |    15 |       |       ||    15
         Unarmed           |       |       |     7 |       |       ||     7
  Throw: Dart              |       |     4 |     4 |     4 |       ||    12
  Evoke: Wand              |       |    11 |     1 |     3 |     7 ||    22
    Use: Scroll            |       |       |    10 |     9 |    10 ||    29
         Potion            |       |       |     3 |     3 |       ||     6
   Stab: Sleeping          |     4 |     6 |    23 |    22 |     8 ||    63
         Distracted        |       |       |     6 |    11 |     1 ||    18
 Armour: Ring mail         |   105 |   107 |   224 |    88 |       ||   524
         Robe              |     1 |       |       |   232 |   101 ||   334
         Skin              |       |       |    10 |       |       ||    10
  Dodge: Dodged            |    77 |   105 |   174 |   345 |   141 ||   842

Levels and vault maps discovered:
D:1:      minmay_arrival_jagged, layout_loops_ring
D:2:      layout_loops_corners, basic_ecumenical_altar, minmay_misc_feat_tower,
          minmay_pentomino_s2
D:3:      layout_basic
D:4:      layout_layer_cave, xom_butterflies, portal_sewer_entry_d, uniq_grinder
D:5:      layout_loops_ring, nicolae_qazlal_general_emergency,
          mainiacjoe_overflow_alcove_2, nicolae_ossuary_entry_giza,
          nicolae_goblin_pals
D:6:      layout_cave_pools, minmay_temple_entry_sparse_star, serial_shops,
          shop, hex_medium, uniq_blork_the_orc
D:7:      layout_loops_corners, general_overflow_altar, gammafunk_ghost_grave
D:8:      layout_loops_ring, marbit_many_paths, uniq_psyche, uniq_maurice
D:9:      layout_basic
D:10:     layout_roguey, lemuel_doored_altar, serial_shops,
          nicolae_shop_tiny_statue_garden, shop, nicolae_shop_rolling_square,
          shop, shop, serial_bayou_lake_a, uniq_nergalle, uniq_joseph
D:11:     layout_long_grid, dpeg_lair_monsters, david_orc_4, serial_glass,
          glass_columns_a, glass_columns_a, nicolae_ru_awakened_eye
D:12:     minmay_two_paths, layout_basic, nicolae_demonic_statue_gallery
Temple:   regret_index_temple_sphere_string
Lair:1:   layout_roguey, serial_bayou_shore_a, lemuel_fruit_tree
Lair:2:   layout_roguey, alex1729_swamp_entry_worm_eleionoma,
          dummy_spider_entry, beast_lair_carwin_6
Lair:3:   layout_roguey, basic_altar, gammafunk_lair_bear_cave,
          lemuel_fruit_fields, infiniplex_staircase_pool
Orc:1:    layout_diamond_mine

Notes
Turn   | Place    | Note
-------+----------+-------------------------------------------
     0 | D:1      | MatchstickMonk the Vine Stalker Brigand began the quest for
                  | the Orb.
     0 | D:1      | Reached XP level 1. HP: 11/11 MP: 2/2
   112 | D:1      | Reached skill level 2 in Fighting
   151 | D:1      | Reached XP level 2. HP: 16/16 MP: 3/3
   242 | D:1      | Reached skill level 3 in Fighting
   260 | D:1      | Reached XP level 3. HP: 20/20 MP: 4/4
   963 | D:2      | Reached XP level 4. HP: 25/25 MP: 5/5
  1321 | D:2      | Reached skill level 4 in Fighting
  1436 | D:2      | Found a faded altar of an unknown god.
  1662 | D:3      | Reached skill level 2 in Throwing
  1662 | D:3      | Reached skill level 2 in Short Blades
  2193 | D:3      | Reached XP level 5. HP: 29/29 MP: 6/6
  2254 | D:4      | Found a shimmering altar of Xom.
  2264 | D:4      | Reached skill level 3 in Short Blades
  2275 | D:4      | Found a glowing drain.
  2301 | Sewer    | Entered a sewer
  2359 | Sewer    | Reached skill level 4 in Short Blades
  2359 | Sewer    | Reached XP level 6. HP: 21/33 MP: 7/7
  2515 | Sewer    | Reached skill level 5 in Short Blades
  2715 | D:4      | Noticed Grinder
  2741 | D:3      | HP: 2/28 [wight/+0 flail (2)]
  2747 | D:3      | Reached XP level 7. HP: 6/33 MP: 4/8
  3191 | D:4      | HP: 2/34 [wight/+3 morningstar (9)]
  3695 | D:5      | Entered Level 5 of the Dungeon
  3703 | D:5      | Identified a potion of resistance
  3719 | D:5      | Reached skill level 5 in Fighting
  3874 | D:5      | Reached skill level 6 in Short Blades
  3895 | D:5      | Found a sand-covered staircase.
  3900 | Ossuary  | Entered an ossuary
  3994 | Ossuary  | Gained mutation: You have razor-sharp teeth. [Vine Stalker
                  | growth]
  3994 | Ossuary  | Reached XP level 8. HP: 43/43 MP: 9/9
  4022 | Ossuary  | Reached skill level 7 in Short Blades
  4207 | Ossuary  | Reached skill level 8 in Short Blades
  4420 | D:5      | Found a stormy altar of Qazlal.
  4475 | D:5      | Noticed Robin
  4475 | D:5      | Noticed Ijyb
  4502 | D:5      | Killed Ijyb
  4515 | D:5      | Killed Robin
  4580 | D:5      | Found a hide-covered altar of Uskayaw.
  4917 | D:6      | Noticed Blork the orc
  4917 | D:6      | Found Doceric's Jewellery Emporium.
  4917 | D:6      | Found a staircase to the Ecumenical Temple.
  4921 | D:6      | Killed Blork the orc
  4929 | D:6      | Reached skill level 9 in Short Blades
  4943 | D:6      | Reached XP level 9. HP: 46/47 MP: 10/10
  5063 | Temple   | Entered the Ecumenical Temple
  5079 | Temple   | Became a worshipper of Gozag Ym Sagoz the Greedy
  5153 | D:6      | Reached skill level 5 in Stealth
  5601 | D:4      | Killed Grinder
  5602 | D:4      | Reached skill level 10 in Short Blades
  5602 | D:4      | Reached skill level 6 in Stealth
  6309 | D:7      | Reached skill level 7 in Stealth
  6469 | D:7      | Found a runed translucent door.
  6469 | D:7      | Noticed PriceMaster's ghost (novice SpCj)
  6499 | D:7      | Reached skill level 8 in Stealth
  6904 | D:7      | Reached skill level 1 in Dodging
  6920 | D:7      | Found a hazy altar of Hepliaklqana.
  7432 | D:8      | Found a shadowy altar of Dithmenos.
  7490 | D:8      | Reached skill level 2 in Dodging
  7508 | D:8      | Noticed Maurice
  7523 | D:8      | Something stole a ring of ice
  7524 | D:8      | Something stole a +3 dagger
  7525 | D:8      | Something stole 22 poisoned darts
  7527 | D:8      | Something stole 513 gold
  7528 | D:8      | Something stole 40 gold
  7531 | D:8      | Something stole 21 gold
  7536 | D:8      | Killed Maurice
  7537 | D:8      | Reached skill level 9 in Stealth
  7537 | D:8      | Reached XP level 10. HP: 19/53 MP: 11/11
  7598 | D:8      | Reached skill level 6 in Fighting
  7829 | D:8      | Noticed Psyche
  7832 | D:8      | Killed Psyche
  7833 | D:8      | Reached skill level 3 in Dodging
  8447 | D:9      | Reached skill level 10 in Stealth
  8898 | D:9      | Reached skill level 4 in Dodging
  8940 | D:10     | Entered Level 10 of the Dungeon
  8998 | D:10     | Found Mocam's Assorted Antiques.
  9020 | D:10     | Bought an emerald potion for 33 gold pieces
  9020 | D:10     | Bought a scroll labelled GUAWKUU FURAROGES for 37 gold
                  | pieces
  9020 | D:10     | Bought a scroll labelled HIWIUF VIMIWK for 37 gold pieces
  9020 | D:10     | Bought a bubbling purple potion for 33 gold pieces
  9020 | D:10     | Bought a bubbling dark potion for 33 gold pieces
  9087 | D:10     | Found Hiowniam's Book Shop.
  9100 | D:10     | Found Gurghideu's Armour Shoppe.
  9106 | D:10     | Bought the +5 robe of Night {Dark Will+ SInv} for 840 gold
                  | pieces
  9106 | D:10     | Found the +5 robe of Night {Dark Will+ SInv}
  9144 | D:10     | Noticed Nergalle
  9145 | D:10     | Noticed Joseph
  9172 | D:10     | Killed Nergalle
  9173 | D:10     | Reached skill level 7 in Fighting
  9181 | D:10     | Killed Joseph
  9198 | D:10     | Found Zuuwke Xyebb's Assorted Antiques.
  9213 | D:10     | Reached skill level 11 in Stealth
  9231 | D:10     | Found a glowing silver altar of Zin.
  9242 | D:10     | Reached XP level 11. HP: 58/58 MP: 12/12
  9286 | D:10     | Noticed a deep elf pyromancer
  9295 | D:10     | Killed a deep elf pyromancer
  9296 | D:10     | Reached skill level 5 in Dodging
  9342 | D:10     | Bought an opal ring for 135 gold pieces
  9440 | D:10     | Found Bezasmal's Magic Scroll Boutique.
  9536 | D:10     | Reached skill level 8 in Fighting
  9823 | D:11     | Reached skill level 12 in Stealth
  9864 | D:11     | Found a staircase to the Orcish Mines.
  9950 | D:11     | Found a sacrificial altar of Ru.
 10118 | D:11     | Noticed a death yak
 10120 | D:11     | Found a staircase to the Lair.
 10120 | D:11     | Noticed a death yak
 10120 | D:11     | Noticed a cyclops
 10121 | D:11     | Noticed a death yak
 10242 | D:10     | HP: 1/60 [death yak (9)]
 10245 | D:10     | Killed a death yak
 10246 | D:10     | Reached skill level 9 in Fighting
 10435 | D:10     | Bought a scroll of butterflies for 56 gold pieces
 10435 | D:10     | Bought a scroll of blinking for 105 gold pieces
 10435 | D:10     | Bought 2 scrolls of teleportation for 84 gold pieces
 10435 | D:10     | Bought a scroll of poison for 56 gold pieces
 10435 | D:10     | Bought a scroll of identify for 28 gold pieces
 10435 | D:10     | Bought a scroll of identify for 28 gold pieces
 10435 | D:10     | Bought a scroll of identify for 28 gold pieces
 10643 | D:10     | Killed a death yak
 10671 | D:10     | Killed a death yak
 10883 | D:11     | Noticed a green ugly thing
 11286 | D:11     | Killed a cyclops
 11287 | D:11     | Reached skill level 10 in Fighting
 11287 | D:11     | Reached skill level 1 in Evocations
 11324 | Lair:1   | Entered Level 1 of the Lair of Beasts
 11566 | Lair:1   | Reached skill level 2 in Evocations
 11658 | Lair:1   | Reached skill level 6 in Dodging
 11658 | Lair:1   | Reached skill level 3 in Evocations
 11658 | Lair:1   | Reached XP level 12. HP: 61/67 MP: 13/13
 11831 | Lair:1   | Reached skill level 4 in Evocations
 12466 | Lair:2   | Noticed a catoblepas
 12505 | Lair:2   | Killed a catoblepas
 12592 | Lair:2   | Found a hole to the Spider Nest.
 12647 | Lair:2   | Found a staircase to the Swamp.
 12647 | Lair:2   | Noticed an eleionoma
 12665 | Lair:2   | Killed an eleionoma
 12666 | Lair:2   | Reached skill level 7 in Dodging
 12666 | Lair:2   | Reached skill level 5 in Evocations
 13064 | Lair:2   | Identified a potion of experience
 13066 | Lair:2   | Reached skill level 16 in Stealth
 13066 | Lair:2   | Reached XP level 13. HP: 72/72 MP: 14/14
 13714 | Lair:3   | Reached skill level 8 in Dodging
 14992 | D:12     | Reached skill level 6 in Evocations
 15565 | Orc:1    | Entered Level 1 of the Orcish Mines
 15712 | Orc:1    | Slain by an orc warrior

Vanquished Creatures
  An eleionoma (Lair:2)
  A catoblepas (Lair:2)
  3 death yaks (D:10)
  Nergalle (D:10)
  A deep elf pyromancer (D:10)
  An ugly thing (D:11)
  2 cyclopes
  Maurice (D:8)
  A torpor snail (Lair:1)
  Joseph (D:10)
  4 cane toads
  A gargoyle (D:11)
  2 rime drakes
  2 komodo dragons (Lair:2)
  Psyche (D:8)
  A polar bear (Lair:1)
  A troll (D:9)
  A hornet (D:10)
  4 blink frogs (Lair:2)
  Grinder (D:4)
  A shadow (D:11)
  A water elemental (D:12)
  20 yaks
  2 vampires
  A wyvern (Lair:3)
  A steam dragon (D:9)
  3 acid dragons
  4 water moccasins
  An ice beast (D:7)
  2 black bears
  10 orc warriors
  8 wolves
  An ogre (D:6)
  3 centaurs
  3 kobold brigands
  Blork the orc (D:6)
  A gnoll sergeant (D:7)
  6 bullfrogs
  3 brain worms
  5 scorpions
  6 wights
  9 killer bees (D:9)
  6 electric eels
  A bombardier beetle (D:5)
  8 howler monkeys
  4 orc priests
  6 hounds
  9 bullfrog zombies (Ossuary)
  A gnoll bouda (D:8)
  3 iguanas
  2 sleepcaps (D:6)
  Ijyb (D:5)
  11 orc wizards
  A killer bee zombie (Ossuary)
  3 crocodile zombies (Ossuary)
  4 hound zombies (Ossuary)
  4 mummies
  Robin (D:5)
  6 howler monkey zombies (Ossuary)
  11 gnolls
  9 adders
  4 river rats
  2 shadow imps
  5 ufetubi
  2 dart slugs
  2 ribbon worms
  45 orcs
  11 ball pythons
  10 endoplasms
  4 giant cockroaches
  11 goblins
  12 hobgoblins
  15 jackals
  6 quokkas
  6 ball python zombies (Ossuary)
  7 bats
  8 frilled lizards
  A hobgoblin zombie (D:5)
  22 kobolds
  An orc zombie (D:5)
  10 rats
  A butterfly (D:4)
399 creatures vanquished.

Vanquished Creatures (collateral kills)
  3 cane toads (Lair:2)
  A chaos spawn (D:12)
  2 bullfrogs (Lair:2)
6 creatures vanquished.

Vanquished Creatures (others)
  A rust devil (D:12)
  A wyvern (Lair:3)
2 creatures vanquished.

Grand Total: 407 creatures vanquished

Table legend: (Time is in decaauts)
 A = Elapsed time spent in this place.
 B = Non-inter-level travel time spent in this place.
 C = Inter-level travel time spent in this place.
 D = Time resting spent in this place.
 E = Time spent auto-exploring this place.
 F = Levels seen in this place.
 G = Mean time per level.
                   A        B        C        D        E       F      G
               +--------+--------+--------+--------+--------+-----+--------+
         Total |  15019 |  14189 |    830 |   2213 |   8490 |  19 |  790.5 |
       Dungeon |  11536 |  10882 |    654 |   1733 |   6727 |  12 |  961.3 |
        Temple |     32 |      1 |     31 |      0 |      0 |   1 |   32.0 |
          Lair |   2641 |   2499 |    142 |    473 |   1376 |   3 |  880.3 |
  Orcish Mines |    106 |    106 |      0 |      0 |     40 |   1 |  106.0 |
         Sewer |    392 |    392 |      0 |      7 |    212 |   1 |  392.0 |
       Ossuary |    311 |    311 |      0 |      0 |    133 |   1 |  311.0 |
               +--------+--------+--------+--------+--------+-----+--------+

Top non-repeatable levels by time:
    D:10: 1576 daAuts
     D:4: 1457 daAuts
    D:11: 1404 daAuts
  Lair:1: 1238 daAuts
  Lair:2: 1164 daAuts
     D:7: 1075 daAuts
     D:3: 992 daAuts
     D:2: 912 daAuts
     D:5: 833 daAuts
     D:8: 814 daAuts
     D:1: 697 daAuts
     D:9: 649 daAuts
    D:12: 639 daAuts
     D:6: 482 daAuts
   Sewer: 392 daAuts

Table legend:
 A = Non-vault XP
 B = Vault XP
 C = Vault XP percentage of total XP
 D = Non-vault monster count
 E = Vault monster count
 F = Vault count percentage of total count
                 A         B        C        D         E       F
            +---------+---------+-------+---------+---------+-------
      Total |   21680 |   10549 |  32.7 |     298 |     107 |  26.4
            +---------+---------+-------+---------+---------+-------
        D:1 |      57 |       0 |   0.0 |      34 |       0 |   0.0
        D:2 |      47 |       4 |   7.8 |      19 |       2 |   9.5
        D:3 |     193 |       0 |   0.0 |      29 |       0 |   0.0
        D:4 |     313 |     362 |  53.6 |      20 |       3 |  13.0
        D:5 |     440 |      84 |  16.0 |      13 |      11 |  45.8
        D:6 |     792 |      94 |  10.6 |      21 |       1 |   4.5
        D:7 |     787 |       0 |   0.0 |      19 |       0 |   0.0
        D:8 |     787 |     851 |  52.0 |      28 |       3 |   9.7
        D:9 |    1644 |       0 |   0.0 |      19 |       0 |   0.0
       D:10 |    1757 |    3685 |  67.7 |      22 |       5 |  18.5
       D:11 |    3312 |     686 |  17.2 |      12 |      20 |  62.5
       D:12 |    1094 |     210 |  16.1 |       7 |       3 |  30.0
     Lair:1 |    4696 |       0 |   0.0 |      22 |       0 |   0.0
     Lair:2 |    3760 |    3504 |  48.2 |      13 |      10 |  43.5
     Lair:3 |    1481 |       0 |   0.0 |      10 |       0 |   0.0
      Orc:1 |     520 |       0 |   0.0 |      10 |       0 |   0.0
      Sewer |       0 |     269 | 100.0 |       0 |      17 | 100.0
    Ossuary |       0 |     800 | 100.0 |       0 |      32 | 100.0
            +---------+---------+-------+---------+---------+-------
